 Dungeon Crawl Stone Soup version 0.19.1 (webtiles) character file.

54 Patate the Sneak (level 3, -4/16 HPs)
             Began as a Spriggan Enchanter on Nov 26, 2016.
             Slain by Grinder (7 damage)
             ... while paralysed by Grinder
             ... on level 3 of the Dungeon.
             The game lasted 00:08:18 (2357 turns).

Patate the Sneak (Spriggan Enchanter)               Turns: 2357, Time: 00:08:19

Health: -4/16      AC:  3    Str:  8    XL:     3   Next: 66%
Magic:  8/8        EV:  4    Int: 13    God:
Gold:   117        SH:  0    Dex: 16    Spells: 3 memorised, 1 level left

rFire  . . .     SeeInvis +     a - +1 dagger
rCold  . . .     Gourm    .     b - +1 robe
rNeg   . . .     Faith    .     (shield restricted)
rPois  .         Spirit   .     (helmet restricted)
rElec  .         Reflect  .     (no cloak)
rCorr  .         Harm     .     (gloves unavailable)
MR     .....                    (boots unavailable)
Stlth  +++.......               (no amulet)
                                e - +3 ring of strength
                                f - -3 ring of intelligence (curse)

@: paralysed, very quick
A: unfitting armour, see invisible, herbivore 3, speed 3, slow metabolism 2
a: no special abilities


You were on level 3 of the Dungeon.
You were not hungry.

You visited 1 branch of the dungeon, and saw 3 of its levels.

You collected 117 gold pieces.

Inventory:

Hand Weapons
 a - a +1 dagger (weapon)
Armour
 b - a +1 robe (worn)
Jewellery
 e - a +3 ring of strength (right hand)
 f - a cursed -3 ring of intelligence (left hand)
 g - an uncursed ring of resist corrosion
 l - an uncursed amulet of faith
Scrolls
 h - a scroll of immolation
 k - a scroll of amnesia
Potions
 i - 2 potions of curing
 j - a potion of mutation {unknown}
Books
 c - a book of Maledictions

   Spells                             Type                      Level
   a - Corona                         Hexes                        1
   b - Ensorcelled Hibernation        Hexes/Ice                    2
   c - Confuse                        Hexes                        3
   d - Tukima's Dance                 Hexes                        3
   e - Dazzling Spray                 Conjuration/Hexes            3
Comestibles
 d - 3 bread rations
 m - 4 fruits


   Skills:
 + Level 2.9 Short Blades
 - Level 3.0 Dodging
 + Level 5.9 Stealth
 - Level 2.6 Spellcasting
 - Level 3.6 Hexes


You had one spell level left.
You knew the following spells:

 Your Spells              Type           Power        Failure   Level  Hunger
a - Corona                Hex            ##.....      8%          1    #......
b - Ensorcelled Hibernat  Hex/Ice        #.....       21%         2    ###....
c - Confuse               Hex            ##......     17%         3    ###....


Dungeon Overview and Level Annotations

Branches:
Dungeon (3/15)

Altars:
Dithmenos
Sif Muna

Annotations:
D:2 Sigmund
D:3 Grinder


Innate Abilities, Weirdness & Mutations

You are very small and have problems with some larger weapons.
You are too small for most types of armour.
You have supernaturally acute eyesight. (SInv)
You are a herbivore.
You cover ground extremely quickly.
You need consume almost no food.


Message History

The bat is heavily wounded.
The bat closely misses you. The bat hits you.
You barely miss the bat.
The bat is heavily wounded.
The bat barely misses you. The bat hits you but does no damage.
You hit the bat.
The bat is severely wounded.
The bat barely misses you. The bat misses you. Grinder gestures at you.
You suddenly lose the ability to move!
The bat hits you but does no damage. x4
Grinder hits you but does no damage. The bat completely misses you.
The bat barely misses you. Grinder hits you.
The bat hits you but does no damage. The bat barely misses you.
The bat hits you but does no damage. Grinder hits you.
You writhe in agony.
* * * LOW HITPOINT WARNING * * *
The bat hits you.
* * * LOW HITPOINT WARNING * * *
The bat hits you but does no damage. Grinder hits you!
You die...

...........#
#.#########
.#########.#
#..........
#.#
###########
#.#
########.###
.(.........#
#####..####
##.....##
#.@5##..#
#b.##!...#
..b.#._=..#
...#.?##...[#
##.##...##..##
#.# #.
#......## #.#
# #.#..###
######## #.#
##. ###
#.†.)... #.#
.# #.######


You could see Grinder and 2 bats.

Vanquished Creatures
  3 adders
  A leopard gecko (D:2)
  2 giant cockroaches
  2 goblins
  4 hobgoblins
  A ball python (D:1)
  11 bats
  A kobold (D:3)
  2 rats
27 creatures vanquished.

Notes
Turn   | Place    | Note
-------+----------+-------------------------------------------
     0 | D:1      | Patate the Spriggan Enchanter began the quest for the Orb.
     0 | D:1      | Reached XP level 1. HP: 9/9 MP: 5/5
   253 | D:1      | Reached XP level 2. HP: 8/13 MP: 6/6
   669 | D:2      | Noticed Sigmund
   720 | D:1      | Reached skill level 5 in Stealth
  1282 | D:2      | Reached XP level 3. HP: 8/16 MP: 6/8
  1889 | D:2      | Found a deep blue altar of Sif Muna.
  1962 | D:3      | Learned a level 2 spell: Ensorcelled Hibernation
  1982 | D:3      | Learned a level 3 spell: Confuse
  2347 | D:3      | Found a shadowy altar of Dithmenos.
  2347 | D:3      | Noticed Grinder
  2352 | D:3      | Paralysed by Grinder for 7 turns
  2357 | D:3      | Slain by Grinder

Skill      XL: |  1  2 |
---------------+-------+-----
Stealth        | 5 |  5.9
Short Blades   | 2 |  2.9
Dodging        | |  3.0
Spellcasting   | |  2.6
Hexes          | |  3.6

Action                   || total
-------------------------++-------
Melee: Dagger            ||   132
 Cast: Corona            ||     5
       Confuse           ||     1
       Ensorcelled Hiber ||     1
  Use: Scroll            ||     8
       Potion            ||     1
 Stab: Sleeping          ||    11
Armor: Robe              ||    28
Dodge: Dodged            ||   120
